 Dungeon Crawl Stone Soup version 0.17.2-1-ge4368a0 (webtiles) character file.

34 rlgrobin the Ruffian (level 3, -6/29 HPs)
             Began as a Mummy Chaos Knight on Apr 17, 2017.
             Mangled by a chaos spawn (18 damage)
             ... summoned by Xom
             ... on level 2 of the Dungeon.
             The game lasted 00:01:20 (1214 turns).

rlgrobin the Ruffian (Mummy Chaos Knight)           Turns: 1214, Time: 00:01:20

Health: -6/29      AC:  5    Str: 15    XL:     3   Next: 14%
Magic:  3/3        EV: 11    Int: 11    God:
Gold:   49         SH:  0    Dex: 12    Spells: 0 memorised, 2 levels left

rFire  x . .     SeeInvis .       - Unarmed
rCold  + . .     Clarity  .     a - +2 leather armour
rNeg   + + +     SustAt   .     (no shield)
rPois  ∞         Gourm    .     (no helmet)
rElec  .         Spirit   .     (no cloak)
rCorr  .         Warding  .     (no gloves)
rMut   .         Stasis   .     (no boots)
MR     .....                    (no amulet)
Stlth  +.........               (no ring)
                                (no ring)

@: not resistant to hostile enchantments, very unstealthy
A: no food or potions, fire vulnerability, cold resistance 1, negative energy
resistance 3, torment resistance, unbreathing
a: no special abilities


You were on level 2 of the Dungeon.
You were not hungry.

You visited 1 branch of the dungeon, and saw 2 of its levels.

You collected 49 gold pieces.


Innate Abilities, Weirdness & Mutations

You do not eat or drink.
Your flesh is vulnerable to fire.
You are immune to poison.
Your flesh is cold resistant.
You are immune to negative energy.
You are immune to unholy pain and torment.
You can survive without breathing.


   Skills:
 - Level 3.0 Fighting
 - Level 1.5 Armour
 - Level 0.7 Dodging
 + Level 3.5 Unarmed Combat


You had 2 spell levels left.
You didn't know any spells.

Inventory:

Armour
 a - a +2 leather armour (worn)
Scrolls
 b - 5 scrolls of identify {@r1}

Dungeon Overview and Level Annotations

Branches:
Dungeon (2/15)

Altars:

▒▒▒▒▒▒ ▒.▒ ..▒ ▒.▒ ..
..▒ ▒.▒ .▒ .▒ ▒.▒ ..
▒.▒ ▒. ▒.▒ ▒.▒▒ ▒▒▒▒
▒.▒ 55▒ ▒▒▒ ▒..▒
▒.▒▒▒▒▒▒▒3▒▒.....
▒▒..▒▒▒......53M55.▒
▒▒........▒▒▒▒▒▒3▒▒▒▒
......▒▒.▒▒ ▒#▒
▒▒....▒▒.▒ ▒.▒
▒▒..▒▒▒.▒ ▒.▒ ▒..▒
▒.▒ ▒.. ▒▒▒▒▒▒.▒▒▒▒▒
... ▒.........▒ ...
▒▒▒▒.....!...▒


You could see an ice devil, a smoke demon, a chaos spawn, 2 crimson imps, 2
white imps and an ufetubus.


Message History

No target in view!!!
You start resting! "Time to have some fun!!!"
You regained 2 hp, and now have 23/29 hp!
Read which item? (? for menu, Esc to quit)
As you read the scroll labeled OTWEUSSUUMN, it crumbles to dust!
You hear a loud clanging noise!!!
It was a scroll of noise!
You hear a shout!!! x2
Read which item? (? for menu, Esc to quit)
As you read the scroll labeled YMAUME OFA, it crumbles to dust!
It is a scroll of identify!
You don't have any unidentified items!
The white imp hits you! The white imp freezes you! You resist!
The white imp closely misses you! The smoke demon barely misses you!
The smoke demon hits you but does no damage!
The smoke demon barely misses you!
You take 3 damage, and have 20/29 hp!
Your leather armour prevents you from hitting the white imp!
Unknown command!
You squash the white imp but do no damage!
The white imp hits you but does no damage!
The smoke demon hits you! x3 * * * don't die
* * * The crimson imp blinks!!!
You take 8 damage, and have 12/29 hp!
MASSIVE DAMAGE!!!!!!
Unknown command!
You closely miss the white imp! The chaos spawn hits you!!!!!!
DANG rip

Action                   || total
-------------------------++-------
Melee: Unarmed           ||    82
Invok: Renounce Religion ||     1
  Use: Scroll            ||     2

Vault maps used:
D:1:      minmay_arrival_loop, hangedman_feature_mirror
D:2:      minivault_27

Notes
Turn   | Place    | Note
--------------------------------------------------------------
     0 | D:1      | rlgrobin the Mummy Chaos Knight began the quest for the Orb.
     0 | D:1      | Reached XP level 1. HP: 18/18 MP: 1/1
     0 | D:1      | Fell from the grace of Xom
   208 | D:1      | Reached XP level 2. HP: 14/24 MP: 2/2
   385 | D:1      | Reached skill level 3 in Unarmed Combat
  1078 | D:2      | Reached XP level 3. HP: 24/29 MP: 3/3
  1138 | D:2      | XOM: mild Necr miscast
  1209 | D:2      | XOM: summons 9 hostile demons
  1210 | D:2      | Noticed an ice devil
  1210 | D:2      | Noticed a smoke demon
  1210 | D:2      | Noticed a chaos spawn
  1214 | D:2      | Mangled by a chaos spawn

Vanquished Creatures
  An adder (D:2)
  A worm (D:2)
  2 hobgoblins
  A ball python (D:1)
  3 bats (D:2)
  A giant newt (D:1)
  3 goblins
  8 kobolds
  4 rats
24 creatures vanquished.
